 Dungeon Crawl Stone Soup version 0.13.1-17-g0f9d4ff (webtiles) character file.

174 Kae the Sneak (level 3, -1/16 HPs)
             Began as a Spriggan Enchanter on Dec 9, 2013.
             Killed from afar by Sigmund (4 damage)
             ... with a puff of flame
             ... on Level 2 of the Dungeon on Dec 17, 2013.
             The game lasted 00:04:22 (2029 turns).

Kae the Sneak (Spriggan Enchanter)                  Turns: 2029, Time: 00:04:22

HP  -1/16        AC  3     Str  5      XL: 3   Next: 30%
MP   8/9         EV 17     Int 16      God:
Gold 134         SH 11     Dex 16      Spells:  2 memorised,  3 levels left

Res.Fire  : . . .   See Invis. : +   a - +1 dagger {=f}
Res.Cold  : . . .   Warding    : .   b - +1 robe
Life Prot.: . . .   Conserve   : .   l - +0 buckler
Res.Poison: .       Res.Corr.  : .   m - +0 wizard hat
Res.Elec. : .       Clarity    : .   (no cloak)
Sust.Abil.: . .     Spirit.Shd : .   (gloves unavailable)
Res.Mut.  : .       Stasis     : .   (boots unavailable)
Res.Rott. : .       Flight     : .   (no amulet)
Saprovore : . . .                    (no ring)
                                     (no ring)

@: very slightly contaminated, very quick, slightly resistant to hostile
enchantments, quite stealthy
A: unfitting armour, see invisible, herbivore 3, speed 3, slow metabolism 2
a: no special abilities


You were on level 2 of the Dungeon.
You were not hungry.

You visited 1 branch of the dungeon, and saw 2 of its levels.

You collected 114 gold pieces.

Inventory:

Hand weapons
 a - a +1,+1 dagger (weapon) {=f}
Missiles
 d - 23 darts (quivered)
Armour
 b - a +1 robe (worn)
 l - a +0 buckler (worn)
 m - a +0 wizard hat (worn)
Comestibles
 j - an apple
 o - 3 chokos
 t - a lychee
 u - a bread ration
Scrolls
 f - a scroll of noise {unknown}
 h - a scroll of recharging {unknown}
 k - a scroll of curse weapon {unknown}
 p - 3 scrolls of identify {unknown}
 q - a scroll of amnesia {unknown}
 s - a scroll of magic mapping {unknown}
Jewellery
 n - an uncursed amulet of guardian spirit {unknown}
Potions
 e - a potion of porridge
 g - 3 potions of curing {unknown}
 i - a potion of resistance {unknown}
 r - 2 potions of poison {unknown}
Books
 c - a book of Maledictions

   Spells                             Type                      Level
   *Corona                            Hexes                        1
   Sure Blade                         Hexes/Charms                 2
   *Ensorcelled Hibernation           Hexes/Ice                    2
   Confuse                            Hexes                        3
   Enslavement                        Hexes                        4
   Invisibility                       Hexes                        6


   Skills:
 * Level 2.2 Short Blades
 - Level 1.1 Throwing
 - Level 3.0 Dodging
 * Level 4.0 Stealth
 + Level 0.2 Shields
 + Level 2.0 Spellcasting
 + Level 3.9 Hexes


You had 3 spell levels left.
You knew the following spells:

 Your Spells              Type           Power        Failure   Level  Hunger
a - Corona                Hex            ##.....      6%          1    #......
b - Ensorcelled Hibernat  Hex/Ice        #.....       21%         2    ###....


Dungeon Overview and Level Annotations

Branches:
Dungeon (2/27)

Altars:

Annotations:
D:2 Sigmund


Innate Abilities, Weirdness & Mutations

You are tiny and cannot use many weapons and most armour.
You have supernaturally acute eyesight.
You are a herbivore.
You cover ground extremely quickly.
You need consume almost no food.


Message History

The adder is almost dead.
The adder bites you.
* * * LOW HITPOINT WARNING * * *
You are more poisoned.
The adder poisons you!
You hit the adder.
You kill the adder!
Your Stealth skill increases to level 4!
Your Spellcasting skill increases to level 2!
* * * LOW HITPOINT WARNING * * *
You feel sick.
You feel a little better.
* * * LOW HITPOINT WARNING * * *
You feel sick.
You feel better.
You see here an elven leather armour.
Sigmund shouts!
Sigmund casts a spell at you. The puff of flame hits you!
You die...

# ......######.......# #.#
# #.#.#.# #...#.### #.#
###.#.#%# #...#.# #.#
....#.#.## #...#.# #.#
....#....# #...#.# #.#
.%.......# ##'##.# #%#
###.####.# #.##.#### #.#
###.####.######.##<...# #.#
....>.......[...@%.##.# #.#
#.....#########.#####.###.#
#.....# #.##........#
#.....# #.##........#
#.....# #.##........# ...
#.##........# .
#@##........#
####.##........#
###....#####'###.#


You could see Sigmund.

Vanquished Creatures
  A gnoll (D:2)
  An adder (D:2)
  A bat (D:1)
  2 goblins (D:1)
  4 hobgoblins
  A ball python (D:1)
  A giant cockroach (D:1)
  3 giant newts
  2 jackals (D:2)
  3 kobolds (D:1)
  5 rats
24 creatures vanquished.

Notes
Turn   | Place    | Note
--------------------------------------------------------------
     0 | D:1      | Kae, the Spriggan Enchanter, began the quest for the Orb.
     0 | D:1      | Reached XP level 1. HP: 9/9 MP: 4/4
     0 | D:1      | Upgraded the game from 0.13.1-2-gfb2c2b7 to 0.13.1-17-g0f9d4ff
   375 | D:1      | Reached XP level 2. HP: 4/13 MP: 4/6
   395 | D:1      | Learned a level 2 spell: Ensorcelled Hibernation
  1339 | D:2      | Noticed Sigmund
  1695 | D:2      | Reached XP level 3. HP: 16/16 MP: 6/9
  2017 | D:2      | Reached skill level 4 in Stealth
  2029 | D:2      | Killed from afar by Sigmund

Action                   || total
-------------------------++-------
Melee: Dagger            ||    78
 Cast: Corona            ||     7
       Ensorcelled Hiber ||     8
 Stab: Sleeping          ||     4
       Distracted        ||     1
